[ AOE2 MATCH · #469945407 ]
UnrankedEthiopians vs Maya
[ REPLAY ANALYSIS · EXTRACTED FROM THE RECORDED GAME ]
Feudal
9:02
Castle
24:48
Imperial
43:00
| APM avg | 58.7 |
| APM peak | 103 |
| eAPM avg | 25.5 |
| Villagers / military | 109 / 160 |
Focus
⚔️ 36.2% · 🌾 63.8%
Archer ×149 · Mangonel ×6 · Spearman ×4 · Skirmisher ×1
Feudal
9:47
Castle
23:30
Imperial
38:05
| APM avg | 55.0 |
| APM peak | 94 |
| eAPM avg | 31.0 |
| Villagers / military | 110 / 237 |
Focus
⚔️ 45.4% · 🌾 54.6%
Archer ×120 · Skirmisher ×61 · Eagle Scout ×51 · Trebuchet (Packed) ×5
Feudal
9:02
Castle
24:18
Imperial
40:05
| APM avg | 26.9 |
| APM peak | 65 |
| eAPM avg | 13.0 |
| Villagers / military | 99 / 105 |
Focus
⚔️ 41.3% · 🌾 58.7%
Knight ×76 · Scout Cavalry ×25 · Trebuchet (Packed) ×3 · Spearman ×1
Feudal
13:56
Castle
32:38
Imperial
—
| APM avg | 53.8 |
| APM peak | 135 |
| eAPM avg | 26.6 |
| Villagers / military | 99 / 66 |
Focus
⚔️ 33.3% · 🌾 66.7%
Skirmisher ×24 · Archer ×14 · Mangonel ×14 · Scout Cavalry ×5 · Battering Ram ×4 · Scorpion ×2
Feudal
10:09
Castle
23:34
Imperial
40:06
| APM avg | 43.9 |
| APM peak | 78 |
| eAPM avg | 17.6 |
| Villagers / military | 79 / 128 |
Focus
⚔️ 46.4% · 🌾 53.6%
Skirmisher ×70 · Plumed Archer ×35 · Archer ×17 · Trebuchet (Packed) ×5 · Monk ×1
Feudal
8:32
Castle
27:55
Imperial
—
| APM avg | 44.5 |
| APM peak | 92 |
| eAPM avg | 21.1 |
| Villagers / military | 106 / 243 |
Focus
⚔️ 37.3% · 🌾 62.7%
Knight ×167 · Scout Cavalry ×75 · Spearman ×1
Feudal
9:08
Castle
23:31
Imperial
—
| APM avg | 48.7 |
| APM peak | 121 |
| eAPM avg | 21.0 |
| Villagers / military | 88 / 109 |
Focus
⚔️ 38.5% · 🌾 61.5%
Knight ×86 · Scout Cavalry ×19 · Spearman ×3 · Monk ×1
Feudal
9:16
Castle
26:30
Imperial
47:42
| APM avg | 64.3 |
| APM peak | 111 |
| eAPM avg | 26.9 |
| Villagers / military | 127 / 367 |
Focus
⚔️ 44.8% · 🌾 55.2%
Knight ×324 · Scout Cavalry ×42 · Spearman ×1
Match map
Initial resources + every placement click. Lines = walls · curves = elevation contours. ◆ gold · ⬟ stone · ● berries · ✦ relic · ◌ wall gap
Inputs per minute
— 抖音-斩杀肥龙 - - RoRo_FleXx
Build order — 抖音-斩杀肥龙
First 150 of 278 actions detected
| 0:03 | Create | Villager (Male) |
| 0:03 | Create | Villager (Male) |
| 0:04 | Create | Villager (Male) |
| 0:04 | Create | Villager (Male) |
| 0:04 | Create | Villager (Male) |
| 0:06 | Build | House |
| 0:07 | Build | House |
| 1:26 | Create | Villager (Male) |
| 1:53 | Build | Lumber Camp |
| 2:18 | Create | Villager (Male) |
| 2:18 | Create | Villager (Male) |
| 2:19 | Create | Villager (Male) |
| 2:43 | Create | Villager (Male) |
| 2:43 | Create | Villager (Male) |
| 3:32 | Create | Villager (Male) |
| 3:32 | Create | Villager (Male) |
| 3:32 | Create | Villager (Male) |
| 3:37 | Build | House |
| 4:10 | Create | Villager (Male) |
| 4:10 | Create | Villager (Male) |
| 4:11 | Create | Villager (Male) |
| 4:11 | Create | Villager (Male) |
| 4:32 | Create | Villager (Male) |
| 4:32 | Create | Villager (Male) |
| 5:00 | Create | Villager (Male) |
| 5:00 | Create | Villager (Male) |
| 5:16 | Create | Villager (Male) |
| 5:16 | Create | Villager (Male) |
| 5:16 | Create | Villager (Male) |
| 5:20 | Build | Mining Camp |
| 5:57 | Research | Loom |
| 6:44 | Create | Villager (Male) |
| 6:52 | Research | Feudal Age |
| 7:41 | Build | House |
| 7:59 | Build | Barracks |
| 8:01 | Build | House |
| 8:19 | Create | Villager (Male) |
| 9:02 | Age | Feudal Age |
| 9:05 | Build | Archery Range |
| 9:19 | Build | Archery Range |
| 9:28 | Create | Villager (Male) |
| 9:56 | Create | Villager (Male) |
| 10:06 | Build | Blacksmith |
| 10:13 | Create | Villager (Male) |
| 10:19 | Create | Archer |
| 10:20 | Create | Archer |
| 10:46 | Research | Fletching |
| 10:48 | Build | House |
| 10:58 | Create | Archer |
| 10:59 | Create | Archer |
| 11:04 | Build | House |
| 11:08 | Create | Villager (Male) |
| 11:09 | Create | Villager (Male) |
| 11:41 | Create | Archer ×2 |
| 11:41 | Create | Archer ×2 |
| 12:05 | Build | Mill |
| 12:10 | Create | Archer |
| 12:10 | Create | Archer |
| 12:11 | Create | Villager (Male) |
| 12:11 | Create | Villager (Male) |
| 12:12 | Create | Villager (Male) |
| 12:17 | Build | House |
| 13:00 | Build | House |
| 13:33 | Create | Archer |
| 13:34 | Create | Archer |
| 13:37 | Create | Villager (Male) |
| 13:38 | Create | Villager (Male) |
| 13:58 | Create | Villager (Male) |
| 14:21 | Create | Villager (Male) |
| 14:59 | Create | Archer ×5 |
| 15:11 | Research | Padded Archer Armor |
| 15:16 | Create | Villager (Male) |
| 15:16 | Create | Villager (Male) |
| 15:21 | Build | Farm |
| 15:22 | Build | Farm |
| 15:23 | Build | Farm |
| 16:03 | Create | Villager (Male) |
| 16:07 | Build | Farm |
| 16:08 | Build | Farm |
| 16:11 | Build | House |
| 16:12 | Build | House |
| 16:43 | Research | Wheelbarrow |
| 17:05 | Create | Villager (Male) |
| 17:06 | Create | Archer ×5 |
| 17:45 | Create | Villager (Male) |
| 18:11 | Build | Farm |
| 18:33 | Create | Archer ×2 |
| 18:36 | Create | Villager (Male) |
| 18:36 | Create | Villager (Male) |
| 19:22 | Build | Farm |
| 19:30 | Create | Villager (Male) |
| 19:59 | Create | Villager (Male) |
| 20:01 | Build | Farm |
| 20:09 | Build | Farm |
| 20:10 | Build | Farm |
| 20:10 | Build | Farm |
| 20:51 | Create | Archer ×5 |
| 21:16 | Create | Villager (Male) |
| 21:21 | Build | Market |
| 21:24 | Build | House |
| 21:25 | Build | House |
| 21:34 | Build | Building 796 |
| 21:43 | Create | Villager (Male) |
| 21:49 | Build | Palisade Wall |
| 22:07 | Research | Castle Age |
| 22:19 | Research | Double-Bit Axe |
| 22:36 | Create | Archer |
| 22:39 | Create | Archer |
| 22:39 | Create | Archer |
| 22:57 | Research | Gold Mining |
| 23:01 | Create | Archer |
| 23:40 | Create | Archer |
| 23:41 | Create | Archer |
| 24:02 | Create | Archer ×2 |
| 24:12 | Build | Building 804 |
| 24:25 | Create | Archer |
| 24:26 | Create | Archer |
| 24:48 | Age | Castle Age |
| 24:57 | Research | Crossbowman (upgrade) |
| 25:20 | Create | Villager (Male) |
| 25:20 | Research | Bow Saw |
| 25:29 | Build | Town Center |
| 25:36 | Research | Gold Shaft Mining |
| 25:39 | Research | Bodkin Arrow |
| 25:42 | Create | Archer ×3 |
| 25:51 | Build | Archery Range |
| 25:54 | Build | Farm |
| 26:07 | Build | Siege Workshop |
| 26:11 | Create | Villager (Male) |
| 26:13 | Create | Villager (Male) |
| 26:14 | Create | Villager (Male) |
| 26:23 | Create | Archer |
| 26:24 | Create | Archer |
| 26:27 | Create | Villager (Male) |
| 26:27 | Create | Villager (Male) |
| 26:43 | Create | Archer |
| 26:44 | Create | Archer |
| 27:25 | Build | University |
| 27:29 | Create | Archer |
| 27:30 | Create | Archer |
| 27:31 | Create | Archer |
| 27:32 | Create | Archer |
| 27:40 | Create | Villager (Male) |
| 27:41 | Create | Villager (Male) |
| 27:42 | Create | Villager (Male) |
| 27:43 | Create | Villager (Male) |
| 27:58 | Build | House |
| 28:00 | Build | House |
| 28:01 | Build | House |
| 28:01 | Build | House |
Build order — RoRo_FleXx
First 150 of 553 actions detected
| 0:01 | Research | Loom |
| 0:02 | Build | House |
| 0:04 | Build | House |
| 0:09 | Create | Villager (Male) |
| 0:09 | Create | Villager (Male) |
| 0:10 | Create | Villager (Male) |
| 0:10 | Create | Villager (Male) |
| 1:53 | Create | Villager (Male) |
| 1:54 | Create | Villager (Male) |
| 2:23 | Build | Lumber Camp |
| 2:27 | Create | Villager (Male) |
| 2:27 | Create | Villager (Male) |
| 2:28 | Create | Villager (Male) |
| 2:40 | Create | Villager (Male) |
| 2:40 | Create | Villager (Male) |
| 3:12 | Create | Villager (Male) |
| 3:12 | Create | Villager (Male) |
| 3:29 | Build | House |
| 3:31 | Build | House |
| 3:33 | Build | Palisade Wall |
| 3:33 | Build | Palisade Wall |
| 3:34 | Build | Palisade Wall |
| 3:41 | Create | Villager (Male) |
| 3:41 | Create | Villager (Male) |
| 4:19 | Build | Palisade Wall |
| 4:20 | Build | Palisade Wall |
| 4:22 | Build | Palisade Wall |
| 4:22 | Build | Palisade Wall |
| 4:27 | Create | Villager (Male) |
| 4:27 | Create | Villager (Male) |
| 4:47 | Create | Villager (Male) |
| 4:47 | Create | Villager (Male) |
| 4:58 | Create | Villager (Male) |
| 5:45 | Create | Villager (Male) |
| 5:58 | Create | Villager (Male) |
| 6:46 | Build | Mining Camp |
| 6:59 | Build | Mining Camp |
| 7:00 | Create | Villager (Male) |
| 7:37 | Research | Feudal Age |
| 8:25 | Build | Lumber Camp |
| 8:33 | Build | House |
| 8:37 | Build | Palisade Wall |
| 9:00 | Build | Barracks |
| 9:13 | Create | Villager (Male) |
| 9:42 | Build | Palisade Wall |
| 9:44 | Build | Palisade Wall |
| 9:45 | Build | Palisade Wall |
| 9:45 | Build | Palisade Wall |
| 9:47 | Age | Feudal Age |
| 9:52 | Research | Double-Bit Axe |
| 9:55 | Build | Archery Range |
| 10:02 | Create | Villager (Male) |
| 10:36 | Build | Archery Range |
| 10:40 | Build | Palisade Wall |
| 10:44 | Build | Palisade Wall |
| 10:49 | Create | Archer |
| 10:50 | Create | Villager (Male) |
| 11:04 | Create | Archer |
| 11:15 | Create | Villager (Male) |
| 11:26 | Create | Archer |
| 11:32 | Create | Archer |
| 11:35 | Create | Villager (Male) |
| 11:42 | Build | Mill |
| 11:50 | Build | Palisade Wall |
| 11:57 | Create | Archer |
| 12:09 | Build | Farm |
| 12:13 | Build | House |
| 12:16 | Build | House |
| 12:33 | Create | Villager (Male) |
| 12:37 | Build | Farm |
| 12:39 | Build | Farm |
| 12:41 | Build | Farm |
| 12:51 | Build | Palisade Wall |
| 12:55 | Build | Palisade Wall |
| 12:56 | Build | House |
| 13:02 | Build | Farm |
| 13:03 | Build | Farm |
| 13:06 | Create | Archer |
| 13:12 | Build | Farm |
| 13:29 | Create | Archer |
| 13:30 | Create | Archer |
| 13:53 | Create | Villager (Male) |
| 14:00 | Build | Blacksmith |
| 14:11 | Create | Archer |
| 14:11 | Create | Archer |
| 14:17 | Create | Villager (Male) |
| 14:20 | Build | Farm |
| 14:21 | Build | Farm |
| 14:25 | Build | Farm |
| 14:28 | Build | Farm |
| 14:31 | Research | Horse Collar |
| 14:32 | Research | Horse Collar |
| 14:48 | Create | Villager (Male) |
| 14:51 | Build | Farm |
| 15:03 | Create | Archer |
| 15:04 | Create | Archer |
| 15:16 | Build | House |
| 15:21 | Create | Archer |
| 15:21 | Create | Archer |
| 15:31 | Research | Fletching |
| 15:32 | Research | Fletching |
| 15:45 | Build | Palisade Wall |
| 15:59 | Create | Archer |
| 15:59 | Create | Archer |
| 16:00 | Create | Villager (Male) |
| 16:11 | Build | Farm |
| 16:17 | Create | Villager (Male) |
| 16:22 | Create | Archer |
| 16:22 | Create | Archer |
| 16:26 | Build | House |
| 16:48 | Create | Villager (Male) |
| 16:50 | Build | Farm |
| 16:56 | Create | Archer |
| 17:18 | Create | Villager (Male) |
| 17:23 | Build | Farm |
| 17:28 | Research | Town Watch |
| 17:30 | Research | Wheelbarrow |
| 17:31 | Create | Archer |
| 17:38 | Research | Padded Archer Armor |
| 17:52 | Build | House |
| 17:56 | Create | Archer |
| 17:56 | Create | Archer |
| 18:07 | Build | Lumber Camp |
| 18:26 | Create | Archer |
| 18:26 | Create | Archer |
| 18:37 | Build | Archery Range |
| 18:46 | Create | Archer |
| 18:56 | Create | Villager (Male) |
| 19:03 | Create | Archer |
| 19:03 | Create | Archer |
| 19:11 | Build | Mining Camp |
| 19:18 | Create | Archer |
| 19:18 | Create | Archer |
| 19:23 | Create | Villager (Male) |
| 19:23 | Create | Villager (Male) |
| 19:46 | Create | Villager (Male) |
| 19:49 | Create | Archer |
| 19:49 | Create | Archer |
| 19:54 | Create | Archer |
| 19:54 | Create | Archer |
| 20:04 | Create | Villager (Male) |
| 20:14 | Create | Archer |
| 20:16 | Create | Archer |
| 20:50 | Research | Castle Age |
| 20:51 | Research | Castle Age |
| 20:54 | Research | Gold Mining |
| 20:54 | Research | Gold Mining |
| 21:27 | Create | Archer |
| 21:27 | Create | Archer |
| 21:27 | Create | Archer |
Build order — Geronimo
First 150 of 304 actions detected
| 0:01 | Create | Villager (Male) |
| 0:01 | Create | Villager (Male) |
| 0:02 | Create | Villager (Male) |
| 0:02 | Create | Villager (Male) |
| 0:04 | Build | House |
| 0:06 | Build | House |
| 1:46 | Create | Villager (Male) |
| 1:46 | Create | Villager (Male) |
| 1:55 | Build | Lumber Camp |
| 2:07 | Create | Villager (Male) |
| 2:17 | Create | Villager (Male) |
| 2:17 | Create | Villager (Male) |
| 2:48 | Create | Villager (Male) |
| 3:12 | Create | Villager (Male) |
| 3:13 | Create | Villager (Male) |
| 3:29 | Build | House |
| 3:50 | Create | Villager (Male) |
| 3:50 | Create | Villager (Male) |
| 4:02 | Build | House |
| 4:15 | Build | Mill |
| 4:39 | Create | Villager (Male) |
| 4:40 | Create | Villager (Male) |
| 4:40 | Create | Villager (Male) |
| 5:07 | Create | Villager (Male) |
| 5:33 | Create | Villager (Male) |
| 5:52 | Create | Villager (Male) |
| 6:15 | Research | Loom |
| 6:52 | Research | Feudal Age |
| 6:53 | Research | Feudal Age |
| 7:23 | Build | House |
| 7:49 | Build | Barracks |
| 7:59 | Create | Villager (Male) |
| 9:02 | Age | Feudal Age |
| 9:04 | Build | Stable |
| 9:06 | Build | House |
| 9:24 | Create | Villager (Male) |
| 9:24 | Create | Villager (Male) |
| 9:50 | Create | Villager (Male) |
| 10:05 | Create | Scout Cavalry |
| 10:05 | Create | Scout Cavalry |
| 10:07 | Create | Spearman |
| 10:22 | Create | Villager (Male) |
| 10:49 | Build | Blacksmith |
| 10:52 | Build | Palisade Wall |
| 10:54 | Build | Palisade Wall |
| 10:56 | Build | Palisade Wall |
| 11:03 | Create | Villager (Male) |
| 11:06 | Create | Scout Cavalry |
| 11:06 | Create | Scout Cavalry |
| 11:08 | Create | Villager (Male) |
| 11:13 | Build | Farm |
| 11:14 | Build | Farm |
| 11:14 | Build | Farm |
| 11:14 | Build | Farm |
| 11:17 | Create | Villager (Male) |
| 11:34 | Create | Scout Cavalry |
| 11:34 | Create | Scout Cavalry |
| 11:45 | Build | House |
| 12:02 | Research | Wheelbarrow |
| 12:04 | Build | Farm |
| 12:05 | Build | Farm |
| 12:05 | Build | Farm |
| 12:34 | Build | Farm |
| 12:34 | Build | Farm |
| 12:37 | Build | House |
| 12:48 | Create | Scout Cavalry |
| 12:48 | Create | Scout Cavalry |
| 13:02 | Build | Palisade Gate |
| 13:05 | Build | Palisade Wall |
| 13:10 | Create | Villager (Male) |
| 13:10 | Create | Villager (Male) |
| 13:21 | Build | House |
| 13:29 | Research | Forging |
| 13:30 | Research | Forging |
| 14:04 | Create | Villager (Male) |
| 14:04 | Create | Villager (Male) |
| 14:16 | Create | Villager (Male) |
| 14:54 | Create | Scout Cavalry |
| 14:55 | Create | Scout Cavalry |
| 15:10 | Create | Scout Cavalry |
| 15:10 | Create | Scout Cavalry |
| 15:30 | Create | Villager (Male) |
| 15:30 | Create | Villager (Male) |
| 15:33 | Build | Farm |
| 15:33 | Build | Farm |
| 15:33 | Build | Farm |
| 15:33 | Build | Farm |
| 15:34 | Build | Farm |
| 15:34 | Build | Farm |
| 15:34 | Build | Farm |
| 15:39 | Build | Mining Camp |
| 16:11 | Create | Scout Cavalry |
| 16:12 | Create | Scout Cavalry |
| 16:24 | Create | Villager (Male) |
| 16:24 | Create | Villager (Male) |
| 16:38 | Create | Villager (Male) |
| 16:38 | Create | Villager (Male) |
| 16:44 | Build | Farm |
| 16:44 | Build | Farm |
| 16:44 | Build | Farm |
| 16:44 | Build | Farm |
| 16:45 | Build | Farm |
| 17:53 | Create | Villager (Male) |
| 17:53 | Create | Villager (Male) |
| 17:53 | Create | Villager (Male) |
| 17:55 | Create | Scout Cavalry |
| 17:55 | Create | Scout Cavalry |
| 17:56 | Create | Scout Cavalry |
| 19:06 | Create | Villager (Male) |
| 19:06 | Create | Villager (Male) |
| 19:06 | Create | Villager (Male) |
| 19:19 | Build | Stable |
| 19:20 | Build | Stable |
| 19:29 | Research | Scale Barding Armor |
| 19:43 | Build | House |
| 19:44 | Build | House |
| 19:45 | Build | House |
| 20:05 | Create | Scout Cavalry |
| 20:06 | Create | Scout Cavalry |
| 20:06 | Create | Villager (Male) |
| 20:07 | Create | Villager (Male) |
| 20:07 | Create | Villager (Male) |
| 20:07 | Create | Villager (Male) |
| 20:07 | Create | Villager (Male) |
| 21:37 | Research | Castle Age |
| 21:39 | Create | Scout Cavalry |
| 21:39 | Create | Scout Cavalry |
| 21:50 | Build | Stable |
| 22:31 | Research | Gold Mining |
| 22:32 | Research | Double-Bit Axe |
| 22:40 | Build | House |
| 22:40 | Build | House |
| 22:40 | Build | House |
| 22:41 | Build | House |
| 22:52 | Build | Mining Camp |
| 23:42 | Create | Scout Cavalry |
| 23:42 | Create | Scout Cavalry |
| 23:42 | Create | Scout Cavalry |
| 23:42 | Create | Scout Cavalry |
| 24:18 | Age | Castle Age |
| 24:20 | Create | Knight |
| 24:21 | Create | Knight |
| 24:21 | Create | Knight |
| 24:21 | Create | Knight |
| 24:23 | Research | Chain Barding Armor |
| 24:31 | Create | Knight |
| 24:31 | Create | Knight |
| 24:31 | Create | Knight |
| 24:44 | Create | Knight |
| 24:45 | Create | Knight |
Build order — Orrax Holyfire
First 150 of 321 actions detected
| 0:03 | Create | Villager (Male) |
| 0:03 | Create | Villager (Male) |
| 0:05 | Build | House |
| 0:07 | Build | House |
| 0:49 | Create | Villager (Male) |
| 0:50 | Create | Villager (Male) |
| 0:50 | Create | Villager (Male) |
| 1:51 | Create | Villager (Male) |
| 2:25 | Create | Villager (Male) |
| 2:26 | Create | Villager (Male) |
| 2:45 | Build | Lumber Camp |
| 2:48 | Create | Villager (Male) |
| 2:48 | Create | Villager (Male) |
| 3:20 | Create | Villager (Male) |
| 3:20 | Create | Villager (Male) |
| 3:21 | Create | Villager (Male) |
| 3:55 | Create | Villager (Male) |
| 3:55 | Create | Villager (Male) |
| 3:55 | Create | Villager (Male) |
| 4:05 | Build | House |
| 4:18 | Create | Villager (Male) |
| 4:18 | Create | Villager (Male) |
| 4:56 | Build | Palisade Wall |
| 4:58 | Create | Villager (Male) |
| 4:58 | Create | Villager (Male) |
| 5:09 | Build | Mill |
| 5:21 | Build | Palisade Wall |
| 5:33 | Build | House |
| 5:35 | Create | Villager (Male) |
| 5:51 | Create | Villager (Male) |
| 6:36 | Create | Villager (Male) |
| 7:22 | Build | Palisade Wall |
| 7:27 | Create | Villager (Male) |
| 7:41 | Build | Farm |
| 7:44 | Build | Farm |
| 7:46 | Build | Farm |
| 7:47 | Build | Farm |
| 7:48 | Build | Farm |
| 7:49 | Build | Farm |
| 7:49 | Build | Farm |
| 8:07 | Build | House |
| 8:10 | Create | Villager (Male) |
| 8:11 | Create | Villager (Male) |
| 8:19 | Build | Farm |
| 8:21 | Build | Farm |
| 8:30 | Create | Villager (Male) |
| 8:40 | Build | Farm |
| 8:48 | Build | Palisade Wall |
| 8:58 | Build | Palisade Wall |
| 8:58 | Build | Palisade Wall |
| 8:59 | Build | Palisade Wall |
| 8:59 | Build | Palisade Wall |
| 9:00 | Build | Palisade Wall |
| 9:00 | Build | Palisade Wall |
| 9:01 | Build | Palisade Wall |
| 9:01 | Build | Palisade Wall |
| 9:02 | Build | Palisade Wall |
| 9:10 | Build | Farm |
| 9:13 | Create | Villager (Male) |
| 9:40 | Build | Building 796 |
| 9:54 | Research | Loom |
| 9:55 | Create | Villager (Male) |
| 10:18 | Build | Farm |
| 10:33 | Create | Villager (Male) |
| 10:42 | Build | Farm |
| 11:21 | Create | Villager (Male) |
| 11:21 | Create | Villager (Male) |
| 11:34 | Build | Farm |
| 11:46 | Research | Feudal Age |
| 12:12 | Build | Barracks |
| 12:22 | Create | Villager (Male) |
| 12:48 | Create | Villager (Male) |
| 13:07 | Build | Mining Camp |
| 13:20 | Create | Villager (Male) |
| 13:56 | Age | Feudal Age |
| 14:43 | Build | Watch Tower |
| 14:52 | Create | Villager (Male) |
| 15:19 | Create | Villager (Male) |
| 15:19 | Create | Villager (Male) |
| 15:27 | Create | Villager (Male) |
| 15:29 | Create | Villager (Male) |
| 15:41 | Build | Archery Range |
| 16:00 | Create | Villager (Male) |
| 16:00 | Create | Villager (Male) |
| 16:08 | Build | Farm |
| 16:10 | Build | Farm |
| 16:17 | Build | Archery Range |
| 16:27 | Create | Villager (Male) |
| 17:02 | Build | Building 490 |
| 17:08 | Create | Villager (Male) |
| 17:08 | Create | Villager (Male) |
| 17:28 | Create | Villager (Male) |
| 17:43 | Build | Market |
| 17:52 | Create | Villager (Male) |
| 17:58 | Build | House |
| 18:09 | Build | Palisade Wall |
| 18:15 | Create | Villager (Male) |
| 18:18 | Create | Archer |
| 18:18 | Create | Archer |
| 18:21 | Create | Villager (Male) |
| 18:32 | Create | Villager (Male) |
| 18:34 | Create | Archer |
| 18:43 | Research | Double-Bit Axe |
| 18:49 | Create | Archer |
| 18:49 | Create | Archer |
| 19:00 | Build | Farm |
| 19:32 | Build | Blacksmith |
| 19:34 | Create | Villager (Male) |
| 19:34 | Create | Villager (Male) |
| 19:52 | Create | Villager (Male) |
| 19:52 | Create | Villager (Male) |
| 19:53 | Build | Farm |
| 19:54 | Build | Farm |
| 19:55 | Build | Farm |
| 19:55 | Build | Farm |
| 19:55 | Build | Farm |
| 19:57 | Build | Farm |
| 19:58 | Build | Farm |
| 20:00 | Create | Archer |
| 20:00 | Create | Archer |
| 20:07 | Build | House |
| 20:39 | Build | Stable |
| 20:44 | Build | Farm |
| 20:45 | Build | Farm |
| 20:45 | Build | Farm |
| 20:45 | Build | Farm |
| 20:55 | Create | Skirmisher |
| 21:03 | Create | Skirmisher |
| 21:03 | Create | Skirmisher |
| 21:19 | Create | Skirmisher |
| 21:19 | Create | Skirmisher |
| 21:27 | Build | House |
| 21:30 | Build | House |
| 21:34 | Build | House |
| 21:56 | Build | Building 796 |
| 22:01 | Create | Skirmisher |
| 22:01 | Create | Skirmisher |
| 22:06 | Create | Scout Cavalry |
| 22:09 | Create | Villager (Male) |
| 22:21 | Create | Villager (Male) |
| 22:43 | Build | Mill |
| 22:45 | Build | Farm |
| 22:45 | Build | Farm |
| 22:45 | Build | Farm |
| 22:45 | Build | Farm |
| 22:45 | Build | Farm |
| 22:46 | Build | Farm |
| 22:46 | Build | Farm |
| 22:47 | Build | Farm |
| 22:47 | Build | Farm |
Build order — simao.25
First 150 of 333 actions detected
| 0:05 | Research | Loom |
| 0:05 | Create | Villager (Male) |
| 0:08 | Build | House |
| 0:19 | Create | Villager (Male) |
| 0:45 | Create | Villager (Male) |
| 1:50 | Create | Villager (Male) |
| 1:50 | Create | Villager (Male) |
| 1:58 | Build | House |
| 2:21 | Build | Palisade Wall |
| 2:23 | Build | Palisade Wall |
| 2:24 | Build | Palisade Wall |
| 2:25 | Build | Palisade Wall |
| 2:26 | Build | Palisade Wall |
| 2:27 | Build | Palisade Wall |
| 2:31 | Build | Lumber Camp |
| 2:47 | Create | Villager (Male) |
| 2:48 | Create | Villager (Male) |
| 2:48 | Create | Villager (Male) |
| 2:54 | Build | Palisade Wall |
| 2:56 | Build | Palisade Wall |
| 2:57 | Build | Palisade Wall |
| 3:59 | Create | Villager (Male) |
| 3:59 | Create | Villager (Male) |
| 4:09 | Create | Villager (Male) |
| 4:15 | Build | House |
| 4:41 | Create | Villager (Male) |
| 4:41 | Create | Villager (Male) |
| 4:49 | Build | Palisade Wall |
| 5:11 | Build | Palisade Wall |
| 5:13 | Build | Palisade Wall |
| 5:14 | Build | Palisade Wall |
| 5:18 | Create | Villager (Male) |
| 5:27 | Build | Mill |
| 5:51 | Create | Villager (Male) |
| 6:02 | Build | Palisade Wall |
| 6:18 | Build | House |
| 6:22 | Create | Villager (Male) |
| 7:05 | Build | Palisade Wall |
| 7:26 | Create | Villager (Male) |
| 7:44 | Build | Palisade Wall |
| 7:59 | Research | Feudal Age |
| 7:59 | Research | Feudal Age |
| 8:03 | Build | Barracks |
| 8:46 | Build | Palisade Wall |
| 9:18 | Build | Palisade Wall |
| 9:52 | Create | Villager (Male) |
| 10:03 | Build | House |
| 10:06 | Build | Palisade Wall |
| 10:09 | Age | Feudal Age |
| 10:20 | Build | Archery Range |
| 10:23 | Create | Villager (Male) |
| 10:27 | Build | Archery Range |
| 10:28 | Research | Double-Bit Axe |
| 10:39 | Build | Mining Camp |
| 10:41 | Create | Villager (Male) |
| 11:05 | Create | Villager (Male) |
| 11:19 | Create | Skirmisher |
| 11:29 | Build | Blacksmith |
| 11:31 | Build | Palisade Wall |
| 11:32 | Build | Palisade Wall |
| 11:41 | Create | Skirmisher |
| 11:41 | Create | Villager (Male) |
| 11:55 | Create | Skirmisher |
| 12:06 | Create | Skirmisher |
| 12:12 | Build | House |
| 12:15 | Build | Farm |
| 12:27 | Create | Villager (Male) |
| 12:30 | Build | Farm |
| 12:34 | Research | Fletching |
| 12:34 | Research | Fletching |
| 12:39 | Create | Archer |
| 12:54 | Create | Skirmisher |
| 12:58 | Create | Archer |
| 13:17 | Create | Skirmisher |
| 13:19 | Create | Archer |
| 13:19 | Create | Villager (Male) |
| 13:22 | Build | House |
| 13:25 | Build | Farm |
| 13:50 | Create | Archer |
| 13:53 | Create | Skirmisher |
| 13:54 | Create | Villager (Male) |
| 13:57 | Build | Farm |
| 14:01 | Build | Farm |
| 14:02 | Build | House |
| 14:04 | Create | Skirmisher |
| 14:16 | Create | Archer |
| 14:17 | Create | Skirmisher |
| 14:17 | Create | Villager (Male) |
| 14:30 | Create | Skirmisher |
| 14:41 | Build | House |
| 14:43 | Build | House |
| 14:49 | Create | Villager (Male) |
| 14:52 | Build | Farm |
| 15:01 | Create | Archer |
| 15:01 | Create | Skirmisher |
| 15:21 | Create | Archer |
| 15:22 | Create | Skirmisher |
| 15:26 | Build | Farm |
| 15:27 | Build | Farm |
| 15:31 | Create | Skirmisher |
| 15:32 | Create | Villager (Male) |
| 16:05 | Create | Archer |
| 16:05 | Create | Skirmisher |
| 16:06 | Create | Villager (Male) |
| 16:09 | Build | House |
| 16:11 | Build | Farm |
| 16:12 | Build | Farm |
| 16:33 | Create | Archer |
| 16:34 | Create | Skirmisher |
| 16:40 | Create | Villager (Male) |
| 16:46 | Build | Farm |
| 16:50 | Create | Archer |
| 17:16 | Create | Villager (Male) |
| 17:18 | Build | Farm |
| 17:24 | Build | Farm |
| 17:38 | Create | Archer |
| 17:38 | Create | Skirmisher |
| 17:41 | Create | Villager (Male) |
| 17:43 | Build | Farm |
| 17:50 | Create | Archer |
| 17:50 | Create | Skirmisher |
| 18:02 | Create | Villager (Male) |
| 18:09 | Research | Wheelbarrow |
| 18:09 | Research | Wheelbarrow |
| 18:14 | Build | Mining Camp |
| 18:43 | Build | House |
| 18:45 | Build | Lumber Camp |
| 19:06 | Create | Archer |
| 19:27 | Create | Skirmisher |
| 20:03 | Create | Villager (Male) |
| 20:09 | Build | House |
| 20:11 | Build | House |
| 20:54 | Research | Castle Age |
| 20:54 | Research | Castle Age |
| 21:03 | Create | Archer |
| 21:03 | Create | Skirmisher |
| 21:24 | Create | Archer |
| 21:24 | Create | Skirmisher |
| 22:09 | Create | Archer |
| 22:10 | Create | Skirmisher |
| 22:19 | Create | Archer |
| 22:19 | Create | Skirmisher |
| 22:25 | Build | House |
| 22:26 | Build | House |
| 22:43 | Research | Horse Collar |
| 22:44 | Research | Horse Collar |
| 23:08 | Build | Palisade Wall |
| 23:34 | Age | Castle Age |
| 23:36 | Research | Elite Skirmisher (upgrade) |
| 23:37 | Research | Thumb Ring |
Build order — Balgrodor
First 150 of 416 actions detected
| 0:01 | Create | Villager (Male) |
| 0:03 | Build | House |
| 0:04 | Build | House |
| 0:20 | Create | Villager (Male) |
| 0:20 | Create | Villager (Male) |
| 0:20 | Create | Villager (Male) |
| 1:43 | Create | Villager (Male) |
| 1:51 | Build | Lumber Camp |
| 2:03 | Create | Villager (Male) |
| 2:21 | Create | Villager (Male) |
| 2:47 | Create | Villager (Male) |
| 2:47 | Create | Villager (Male) |
| 3:05 | Create | Villager (Male) |
| 3:28 | Build | House |
| 3:33 | Create | Villager (Male) |
| 3:34 | Create | Villager (Male) |
| 3:59 | Create | Villager (Male) |
| 4:24 | Create | Villager (Male) |
| 4:30 | Build | Mill |
| 4:53 | Create | Villager (Male) |
| 5:06 | Create | Villager (Male) |
| 5:07 | Research | Loom |
| 6:22 | Research | Feudal Age |
| 7:20 | Create | Villager (Male) |
| 7:20 | Create | Villager (Male) |
| 7:36 | Build | Barracks |
| 8:04 | Build | House |
| 8:32 | Age | Feudal Age |
| 8:51 | Build | Stable |
| 8:56 | Research | Double-Bit Axe |
| 9:02 | Create | Villager (Male) |
| 9:23 | Build | House |
| 9:29 | Create | Villager (Male) |
| 9:35 | Build | Mill |
| 9:52 | Create | Scout Cavalry |
| 10:04 | Create | Villager (Male) |
| 10:14 | Create | Scout Cavalry |
| 10:18 | Create | Villager (Male) |
| 10:30 | Build | House |
| 10:37 | Build | Farm |
| 10:46 | Create | Villager (Male) |
| 11:07 | Build | House |
| 11:08 | Build | House |
| 11:09 | Create | Villager (Male) |
| 11:12 | Build | Farm |
| 11:12 | Build | Farm |
| 11:16 | Build | Farm |
| 11:19 | Build | Farm |
| 11:37 | Build | Farm |
| 11:41 | Create | Villager (Male) |
| 11:46 | Create | Scout Cavalry |
| 11:46 | Create | Scout Cavalry |
| 11:46 | Create | Scout Cavalry |
| 12:04 | Create | Scout Cavalry |
| 12:08 | Build | Farm |
| 12:09 | Build | Farm |
| 12:19 | Build | House |
| 12:28 | Create | Villager (Male) |
| 12:35 | Create | Villager (Male) |
| 12:40 | Create | Villager (Male) |
| 12:54 | Build | Blacksmith |
| 12:58 | Create | Villager (Male) |
| 13:16 | Create | Scout Cavalry |
| 13:36 | Build | Farm |
| 13:40 | Build | Farm |
| 13:45 | Build | Farm |
| 13:48 | Research | Scale Barding Armor |
| 14:02 | Create | Scout Cavalry |
| 14:12 | Create | Scout Cavalry |
| 14:16 | Create | Villager (Male) |
| 14:18 | Build | Farm |
| 14:28 | Create | Villager (Male) |
| 14:33 | Build | Farm |
| 14:45 | Create | Scout Cavalry |
| 15:09 | Create | Scout Cavalry |
| 15:09 | Create | Villager (Male) |
| 15:19 | Build | Stable |
| 15:26 | Create | Spearman |
| 15:31 | Create | Scout Cavalry |
| 15:32 | Create | Villager (Male) |
| 15:35 | Build | House |
| 15:36 | Build | House |
| 15:55 | Create | Scout Cavalry |
| 15:55 | Create | Villager (Male) |
| 16:24 | Create | Villager (Male) |
| 16:27 | Create | Scout Cavalry |
| 16:52 | Build | House |
| 16:54 | Create | Scout Cavalry |
| 16:54 | Create | Villager (Male) |
| 17:05 | Build | Watch Tower |
| 17:10 | Build | Farm |
| 17:11 | Build | Farm |
| 17:22 | Create | Villager (Male) |
| 17:26 | Create | Scout Cavalry |
| 17:26 | Create | Scout Cavalry |
| 17:53 | Create | Villager (Male) |
| 18:20 | Build | Farm |
| 18:35 | Create | Villager (Male) |
| 18:47 | Create | Scout Cavalry |
| 18:47 | Create | Scout Cavalry |
| 18:52 | Build | Farm |
| 18:55 | Build | Farm |
| 18:56 | Build | Farm |
| 19:10 | Create | Scout Cavalry |
| 19:15 | Build | Farm |
| 19:16 | Build | Farm |
| 19:16 | Build | Farm |
| 19:21 | Build | Farm |
| 19:21 | Build | Farm |
| 19:22 | Build | Farm |
| 19:22 | Build | Farm |
| 19:22 | Build | Farm |
| 19:24 | Create | Villager (Male) |
| 19:24 | Create | Villager (Male) |
| 19:41 | Create | Scout Cavalry |
| 19:45 | Create | Villager (Male) |
| 19:48 | Build | Farm |
| 19:50 | Build | Farm |
| 19:51 | Build | Farm |
| 19:52 | Build | Farm |
| 19:57 | Build | Mining Camp |
| 20:00 | Create | Villager (Male) |
| 20:12 | Create | Scout Cavalry |
| 20:12 | Create | Scout Cavalry |
| 20:31 | Create | Scout Cavalry |
| 20:31 | Create | Villager (Male) |
| 20:44 | Create | Scout Cavalry |
| 21:02 | Create | Scout Cavalry |
| 21:04 | Create | Villager (Male) |
| 21:18 | Create | Scout Cavalry |
| 21:22 | Research | Bloodlines |
| 21:41 | Create | Scout Cavalry |
| 21:41 | Create | Scout Cavalry |
| 21:54 | Create | Scout Cavalry |
| 21:55 | Create | Scout Cavalry |
| 21:55 | Create | Villager (Male) |
| 22:09 | Create | Scout Cavalry |
| 22:12 | Build | Farm |
| 22:24 | Create | Scout Cavalry |
| 22:28 | Build | Farm |
| 22:30 | Build | Farm |
| 22:33 | Create | Villager (Male) |
| 22:40 | Build | Farm |
| 22:46 | Build | Farm |
| 22:50 | Build | Farm |
| 22:52 | Create | Villager (Male) |
| 22:55 | Create | Villager (Male) |
| 23:03 | Create | Scout Cavalry |
| 23:08 | Create | Villager (Male) |
| 23:21 | Create | Scout Cavalry |
Build order — Eressiel_aoe
First 150 of 295 actions detected
| 0:03 | Build | House |
| 0:04 | Build | House |
| 0:06 | Create | Villager (Male) |
| 0:06 | Create | Villager (Male) |
| 0:07 | Create | Villager (Male) |
| 0:07 | Create | Villager (Male) |
| 0:07 | Create | Villager (Male) |
| 1:15 | Create | Villager (Male) |
| 1:55 | Build | Lumber Camp |
| 2:14 | Create | Villager (Male) |
| 2:31 | Create | Villager (Male) |
| 2:54 | Create | Villager (Male) |
| 2:54 | Create | Villager (Male) |
| 3:19 | Create | Villager (Male) |
| 3:32 | Build | House |
| 3:55 | Create | Villager (Male) |
| 3:56 | Create | Villager (Male) |
| 3:56 | Create | Villager (Male) |
| 4:28 | Create | Villager (Male) |
| 4:53 | Build | Mill |
| 5:15 | Create | Villager (Male) |
| 5:18 | Create | Villager (Male) |
| 5:43 | Create | Villager (Male) |
| 5:47 | Build | House |
| 6:08 | Research | Loom |
| 6:58 | Research | Feudal Age |
| 6:59 | Research | Feudal Age |
| 7:26 | Build | Barracks |
| 7:30 | Build | House |
| 8:13 | Build | Palisade Wall |
| 8:57 | Build | Palisade Wall |
| 9:08 | Age | Feudal Age |
| 9:14 | Build | Stable |
| 9:16 | Build | Palisade Wall |
| 9:17 | Build | Palisade Wall |
| 9:21 | Research | Double-Bit Axe |
| 9:22 | Create | Villager (Male) |
| 9:27 | Research | Horse Collar |
| 9:28 | Research | Horse Collar |
| 9:38 | Create | Villager (Male) |
| 9:44 | Create | Spearman |
| 10:02 | Build | Farm |
| 10:10 | Create | Scout Cavalry |
| 10:22 | Create | Villager (Male) |
| 10:25 | Build | Farm |
| 10:32 | Build | Palisade Wall |
| 10:34 | Build | Palisade Wall |
| 10:37 | Create | Scout Cavalry |
| 10:45 | Build | Farm |
| 10:58 | Create | Villager (Male) |
| 10:58 | Create | Villager (Male) |
| 11:10 | Build | Farm |
| 11:14 | Build | Farm |
| 11:24 | Create | Villager (Male) |
| 11:41 | Create | Villager (Male) |
| 11:43 | Build | Farm |
| 11:47 | Create | Villager (Male) |
| 11:56 | Create | Scout Cavalry |
| 12:14 | Build | Farm |
| 12:14 | Build | Farm |
| 12:14 | Build | Farm |
| 12:15 | Build | Farm |
| 12:23 | Create | Villager (Male) |
| 12:30 | Build | Farm |
| 12:41 | Build | Palisade Gate |
| 12:53 | Create | Scout Cavalry |
| 12:54 | Create | Scout Cavalry |
| 13:04 | Build | Farm |
| 13:05 | Create | Villager (Male) |
| 13:12 | Build | House |
| 13:38 | Create | Villager (Male) |
| 13:41 | Build | Farm |
| 13:43 | Build | House |
| 13:58 | Create | Scout Cavalry |
| 13:59 | Create | Villager (Male) |
| 14:06 | Create | Villager (Male) |
| 14:19 | Create | Scout Cavalry |
| 14:24 | Create | Villager (Male) |
| 14:28 | Build | Mining Camp |
| 14:37 | Create | Scout Cavalry |
| 14:40 | Build | House |
| 15:05 | Create | Scout Cavalry |
| 15:06 | Create | Villager (Male) |
| 15:09 | Build | Farm |
| 15:11 | Build | House |
| 15:23 | Build | Blacksmith |
| 15:35 | Create | Spearman |
| 15:37 | Create | Scout Cavalry |
| 15:55 | Create | Scout Cavalry |
| 15:55 | Create | Scout Cavalry |
| 15:56 | Create | Villager (Male) |
| 16:15 | Create | Villager (Male) |
| 16:18 | Create | Scout Cavalry |
| 16:22 | Build | House |
| 16:24 | Build | Farm |
| 16:25 | Build | Farm |
| 16:28 | Create | Villager (Male) |
| 17:00 | Build | Farm |
| 17:24 | Create | Scout Cavalry |
| 17:25 | Create | Villager (Male) |
| 17:37 | Build | Farm |
| 17:38 | Build | Farm |
| 17:45 | Create | Scout Cavalry |
| 17:48 | Create | Villager (Male) |
| 18:01 | Create | Villager (Male) |
| 18:02 | Create | Scout Cavalry |
| 18:26 | Research | Scale Barding Armor |
| 18:27 | Research | Scale Barding Armor |
| 18:48 | Create | Villager (Male) |
| 18:48 | Create | Villager (Male) |
| 18:52 | Create | Scout Cavalry |
| 19:14 | Build | Market |
| 19:18 | Build | Farm |
| 19:18 | Build | Farm |
| 19:19 | Build | Farm |
| 19:19 | Build | Farm |
| 19:46 | Create | Scout Cavalry |
| 19:51 | Create | Villager (Male) |
| 20:51 | Research | Castle Age |
| 20:51 | Research | Castle Age |
| 20:55 | Build | Stable |
| 21:03 | Research | Bloodlines |
| 21:03 | Research | Bloodlines |
| 21:17 | Create | Scout Cavalry |
| 22:08 | Build | House |
| 22:32 | Build | Lumber Camp |
| 22:43 | Build | Stable |
| 22:49 | Research | Gold Mining |
| 22:49 | Research | Gold Mining |
| 22:49 | Research | Gold Mining |
| 22:55 | Create | Spearman |
| 23:05 | Build | House |
| 23:08 | Build | House |
| 23:17 | Build | House |
| 23:31 | Age | Castle Age |
| 23:34 | Create | Knight |
| 23:34 | Create | Knight |
| 23:34 | Create | Knight |
| 23:34 | Create | Knight |
| 23:48 | Build | House |
| 23:49 | Create | Knight |
| 23:49 | Create | Knight |
| 23:52 | Build | Farm |
| 23:54 | Create | Villager (Male) |
| 23:55 | Create | Villager (Male) |
| 24:04 | Create | Knight |
| 24:04 | Create | Knight |
| 24:05 | Create | Knight |
| 24:19 | Create | Knight |
| 24:19 | Create | Knight |
Build order — arracheur2slip2reska
First 150 of 426 actions detected
| 0:01 | Create | Villager (Male) |
| 0:01 | Create | Villager (Male) |
| 0:02 | Create | Villager (Male) |
| 0:02 | Build | House |
| 0:04 | Build | House |
| 0:07 | Create | Villager (Male) |
| 0:07 | Create | Villager (Male) |
| 1:35 | Create | Villager (Male) |
| 1:36 | Create | Villager (Male) |
| 1:53 | Create | Villager (Male) |
| 1:53 | Create | Villager (Male) |
| 2:23 | Create | Villager (Male) |
| 2:37 | Build | Lumber Camp |
| 2:43 | Create | Villager (Male) |
| 2:43 | Create | Villager (Male) |
| 3:11 | Create | Villager (Male) |
| 3:12 | Create | Villager (Male) |
| 3:18 | Create | Villager (Male) |
| 3:18 | Create | Villager (Male) |
| 3:30 | Build | House |
| 3:39 | Build | House |
| 3:44 | Create | Villager (Male) |
| 3:49 | Create | Villager (Male) |
| 3:49 | Create | Villager (Male) |
| 4:11 | Create | Villager (Male) |
| 5:05 | Create | Villager (Male) |
| 5:39 | Build | Mill |
| 5:51 | Create | Villager (Male) |
| 6:16 | Create | Villager (Male) |
| 6:33 | Create | Villager (Male) |
| 6:57 | Research | Feudal Age |
| 7:11 | Research | Loom |
| 7:24 | Build | House |
| 7:40 | Build | Farm |
| 8:07 | Build | Barracks |
| 8:50 | Build | Farm |
| 9:09 | Create | Villager (Male) |
| 9:16 | Age | Feudal Age |
| 9:27 | Create | Villager (Male) |
| 9:29 | Build | Stable |
| 9:44 | Create | Spearman |
| 9:47 | Create | Villager (Male) |
| 9:50 | Build | Farm |
| 9:50 | Build | Farm |
| 9:50 | Build | Farm |
| 9:50 | Build | Farm |
| 9:59 | Create | Scout Cavalry |
| 9:59 | Create | Scout Cavalry |
| 10:02 | Research | Double-Bit Axe |
| 10:13 | Build | House |
| 10:28 | Build | Farm |
| 10:31 | Build | House |
| 10:33 | Build | Palisade Wall |
| 10:41 | Create | Scout Cavalry |
| 10:50 | Build | Palisade Wall |
| 10:52 | Create | Villager (Male) |
| 10:53 | Create | Villager (Male) |
| 11:06 | Build | House |
| 11:07 | Build | Palisade Wall |
| 11:13 | Build | Farm |
| 11:13 | Build | Farm |
| 11:13 | Build | Farm |
| 11:13 | Build | Farm |
| 11:25 | Create | Villager (Male) |
| 11:29 | Create | Villager (Male) |
| 11:33 | Build | Farm |
| 11:57 | Create | Scout Cavalry |
| 12:01 | Build | House |
| 12:12 | Build | Palisade Wall |
| 12:22 | Create | Scout Cavalry |
| 12:23 | Create | Villager (Male) |
| 12:27 | Build | Mining Camp |
| 12:42 | Create | Villager (Male) |
| 12:44 | Build | Farm |
| 12:49 | Build | Farm |
| 12:57 | Create | Scout Cavalry |
| 13:26 | Create | Scout Cavalry |
| 13:26 | Create | Villager (Male) |
| 13:31 | Build | Farm |
| 13:33 | Build | Farm |
| 13:38 | Create | Scout Cavalry |
| 13:52 | Create | Scout Cavalry |
| 13:53 | Create | Villager (Male) |
| 13:53 | Create | Villager (Male) |
| 13:56 | Build | Farm |
| 14:12 | Create | Villager (Male) |
| 14:16 | Build | House |
| 14:18 | Build | House |
| 14:26 | Build | Stable |
| 14:38 | Create | Scout Cavalry |
| 14:45 | Create | Villager (Male) |
| 14:54 | Build | Farm |
| 15:02 | Create | Scout Cavalry |
| 15:03 | Create | Villager (Male) |
| 15:21 | Create | Scout Cavalry |
| 15:22 | Create | Villager (Male) |
| 15:25 | Build | Farm |
| 15:46 | Create | Scout Cavalry |
| 15:47 | Create | Scout Cavalry |
| 15:54 | Build | Blacksmith |
| 16:00 | Create | Scout Cavalry |
| 16:09 | Create | Villager (Male) |
| 16:12 | Build | Farm |
| 16:16 | Create | Scout Cavalry |
| 16:18 | Create | Villager (Male) |
| 16:23 | Build | House |
| 16:32 | Create | Scout Cavalry |
| 16:35 | Create | Villager (Male) |
| 16:38 | Build | Farm |
| 16:42 | Build | Mill |
| 16:43 | Build | Farm |
| 16:45 | Create | Villager (Male) |
| 16:54 | Build | Farm |
| 17:04 | Create | Scout Cavalry |
| 17:05 | Create | Scout Cavalry |
| 17:14 | Research | Scale Barding Armor |
| 17:18 | Build | House |
| 17:21 | Build | Palisade Wall |
| 17:28 | Create | Scout Cavalry |
| 17:32 | Create | Villager (Male) |
| 17:33 | Create | Villager (Male) |
| 17:48 | Create | Scout Cavalry |
| 17:48 | Create | Scout Cavalry |
| 17:56 | Create | Villager (Male) |
| 18:04 | Build | Building 804 |
| 18:10 | Create | Scout Cavalry |
| 18:10 | Create | Scout Cavalry |
| 18:27 | Build | House |
| 18:42 | Research | Forging |
| 18:45 | Create | Scout Cavalry |
| 18:45 | Create | Scout Cavalry |
| 18:58 | Create | Scout Cavalry |
| 18:58 | Create | Scout Cavalry |
| 19:01 | Build | Farm |
| 19:01 | Build | Farm |
| 19:01 | Build | Farm |
| 19:16 | Create | Villager (Male) |
| 19:27 | Research | Bloodlines |
| 19:38 | Build | Farm |
| 19:39 | Build | Farm |
| 19:46 | Create | Scout Cavalry |
| 19:47 | Create | Villager (Male) |
| 19:47 | Create | Villager (Male) |
| 19:49 | Build | Farm |
| 19:51 | Build | Farm |
| 19:55 | Create | Scout Cavalry |
| 19:55 | Create | Scout Cavalry |
| 20:05 | Create | Villager (Male) |
| 20:12 | Build | Market |
| 20:13 | Create | Villager (Male) |
Match timeline
| 2:21 | simao.25 · wall_segment Palisade Wall x1 |
| 2:23 | simao.25 · wall_segment Palisade Wall x1 |
| 2:24 | simao.25 · wall_segment Palisade Wall x1 |
| 2:25 | simao.25 · wall_segment Palisade Wall x1 |
| 2:26 | simao.25 · wall_segment Palisade Wall x1 |
| 2:27 | simao.25 · wall_segment Palisade Wall x1 |
| 2:54 | simao.25 · wall_segment Palisade Wall x1 |
| 2:56 | simao.25 · wall_segment Palisade Wall x1 |
| 2:57 | simao.25 · wall_segment Palisade Wall x1 |
| 3:33 | RoRo_FleXx · wall_segment Palisade Wall x1 |
| 3:33 | RoRo_FleXx · wall_segment Palisade Wall x1 |
| 3:34 | RoRo_FleXx · wall_segment Palisade Wall x1 |
| 4:19 | RoRo_FleXx · wall_segment Palisade Wall x1 |
| 4:20 | RoRo_FleXx · wall_segment Palisade Wall x1 |
| 4:22 | RoRo_FleXx · wall_segment Palisade Wall x1 |
| 4:22 | RoRo_FleXx · wall_segment Palisade Wall x1 |
| 4:49 | simao.25 · wall_segment Palisade Wall x1 |
| 4:56 | Orrax Holyfire · wall_segment Palisade Wall x16 |
| 5:11 | simao.25 · wall_segment Palisade Wall x1 |
| 5:13 | simao.25 · wall_segment Palisade Wall x1 |
| 5:14 | simao.25 · wall_segment Palisade Wall x1 |
| 5:21 | Orrax Holyfire · wall_segment Palisade Wall x7 |
| 6:02 | simao.25 · wall_segment Palisade Wall x4 |
| 7:05 | simao.25 · wall_segment Palisade Wall x4 |
| 7:22 | Orrax Holyfire · wall_segment Palisade Wall x17 |
| 7:26 | Eressiel_aoe · first_building Barracks |
| 7:36 | Balgrodor · first_building Barracks |
| 7:44 | simao.25 · wall_segment Palisade Wall x1 |
| 7:49 | Geronimo · first_building Barracks |
| 7:59 | 抖音-斩杀肥龙 · first_building Barracks |
| 8:03 | simao.25 · first_building Barracks |
| 8:07 | arracheur2slip2reska · first_building Barracks |
| 8:13 | Eressiel_aoe · wall_segment Palisade Wall x5 |
| 8:32 | Balgrodor · age_up feudal |
| 8:37 | RoRo_FleXx · wall_segment Palisade Wall x5 |
| 8:46 | simao.25 · wall_segment Palisade Wall x1 |
| 8:48 | Orrax Holyfire · wall_segment Palisade Wall x8 |
| 8:51 | Balgrodor · first_building Stable |
| 8:57 | Eressiel_aoe · wall_segment Palisade Wall x8 |
| 8:58 | Orrax Holyfire · wall_segment Palisade Wall x7 |
| 8:58 | Orrax Holyfire · wall_segment Palisade Wall x2 |
| 8:59 | Orrax Holyfire · wall_segment Palisade Wall x1 |
| 8:59 | Orrax Holyfire · wall_segment Palisade Wall x1 |
| 9:00 | RoRo_FleXx · first_building Barracks |
| 9:00 | Orrax Holyfire · wall_segment Palisade Wall x1 |
| 9:00 | Orrax Holyfire · wall_segment Palisade Wall x1 |
| 9:01 | Orrax Holyfire · wall_segment Palisade Wall x1 |
| 9:01 | Orrax Holyfire · wall_segment Palisade Wall x1 |
| 9:02 | Orrax Holyfire · wall_segment Palisade Wall x1 |
| 9:02 | 抖音-斩杀肥龙 · age_up feudal |
| 9:02 | Geronimo · age_up feudal |
| 9:04 | Geronimo · first_building Stable |
| 9:05 | 抖音-斩杀肥龙 · first_building Archery Range |
| 9:08 | Eressiel_aoe · age_up feudal |
| 9:14 | Eressiel_aoe · first_building Stable |
| 9:16 | Eressiel_aoe · wall_segment Palisade Wall x5 |
| 9:16 | arracheur2slip2reska · age_up feudal |
| 9:17 | Eressiel_aoe · wall_segment Palisade Wall x7 |
| 9:18 | simao.25 · wall_segment Palisade Wall x1 |
| 9:29 | arracheur2slip2reska · first_building Stable |
| 9:42 | RoRo_FleXx · wall_segment Palisade Wall x1 |
| 9:44 | RoRo_FleXx · wall_segment Palisade Wall x1 |
| 9:45 | RoRo_FleXx · wall_segment Palisade Wall x1 |
| 9:45 | RoRo_FleXx · wall_segment Palisade Wall x1 |
| 9:47 | RoRo_FleXx · age_up feudal |
| 9:55 | RoRo_FleXx · first_building Archery Range |
| 10:06 | simao.25 · wall_segment Palisade Wall x5 |
| 10:09 | simao.25 · age_up feudal |
| 10:20 | simao.25 · first_building Archery Range |
| 10:32 | Eressiel_aoe · wall_segment Palisade Wall x8 |
| 10:33 | arracheur2slip2reska · wall_segment Palisade Wall x8 |
| 10:34 | Eressiel_aoe · wall_segment Palisade Wall x5 |
| 10:40 | RoRo_FleXx · wall_segment Palisade Wall x1 |
| 10:44 | RoRo_FleXx · wall_segment Palisade Wall x1 |
| 10:50 | arracheur2slip2reska · wall_segment Palisade Wall x1 |
| 10:52 | Geronimo · wall_segment Palisade Wall x1 |
| 10:54 | Geronimo · wall_segment Palisade Wall x3 |
| 10:56 | Geronimo · wall_segment Palisade Wall x2 |
| 11:07 | arracheur2slip2reska · wall_segment Palisade Wall x3 |
| 11:31 | simao.25 · wall_segment Palisade Wall x1 |
| 11:32 | simao.25 · wall_segment Palisade Wall x1 |
| 11:50 | RoRo_FleXx · wall_segment Palisade Wall x2 |
| 12:12 | Orrax Holyfire · first_building Barracks |
| 12:12 | arracheur2slip2reska · wall_segment Palisade Wall x1 |
| 12:51 | RoRo_FleXx · wall_segment Palisade Wall x7 |
| 12:55 | RoRo_FleXx · wall_segment Palisade Wall x7 |
| 13:05 | Geronimo · wall_segment Palisade Wall x8 |
| 13:56 | Orrax Holyfire · age_up feudal |
| 15:41 | Orrax Holyfire · first_building Archery Range |
| 15:45 | RoRo_FleXx · wall_segment Palisade Wall x1 |
| 17:21 | arracheur2slip2reska · wall_segment Palisade Wall x7 |
| 18:09 | Orrax Holyfire · wall_segment Palisade Wall x5 |
| 20:01 | Eressiel_aoe · first_market_buy 100 food |
| 20:39 | Orrax Holyfire · first_building Stable |
| 21:49 | 抖音-斩杀肥龙 · wall_segment Palisade Wall x9 |
| 22:03 | 抖音-斩杀肥龙 · first_market_buy 100 food |
| 23:08 | simao.25 · wall_segment Palisade Wall x1 |
| 23:30 | RoRo_FleXx · age_up castle |
| 23:31 | Eressiel_aoe · age_up castle |
| 23:34 | simao.25 · age_up castle |
| 24:03 | simao.25 · first_building Castle |
| 24:18 | RoRo_FleXx · wall_segment Palisade Wall x6 |
| 24:18 | Geronimo · age_up castle |
| 24:19 | Eressiel_aoe · first_market_sell 100 wood |
| 24:19 | RoRo_FleXx · wall_segment Palisade Wall x3 |
| 24:48 | 抖音-斩杀肥龙 · age_up castle |
| 25:43 | simao.25 · wall_segment Palisade Wall x1 |
| 25:48 | Balgrodor · wall_segment Palisade Wall x9 |
| 26:07 | 抖音-斩杀肥龙 · first_building Siege Workshop |
| 26:30 | arracheur2slip2reska · age_up castle |
| 27:55 | Balgrodor · age_up castle |
| 28:30 | arracheur2slip2reska · first_market_sell 100 food |
| 29:29 | Balgrodor · first_market_sell 100 food |
| 29:31 | RoRo_FleXx · wall_segment Stone Wall x8 |
| 29:32 | RoRo_FleXx · wall_segment Stone Wall x4 |
| 30:21 | Geronimo · first_building Castle |
| 31:53 | simao.25 · first_building Monastery |
| 32:38 | Orrax Holyfire · age_up castle |
| 33:05 | Balgrodor · first_market_buy 100 wood |
| 33:10 | Orrax Holyfire · first_building Siege Workshop |
| 33:14 | RoRo_FleXx · first_market_sell 100 wood |
| 33:43 | Eressiel_aoe · first_building Monastery |
| 33:57 | simao.25 · first_building Siege Workshop |
| 34:01 | RoRo_FleXx · first_building Castle |
| 34:54 | RoRo_FleXx · first_market_buy 100 food |
| 35:57 | simao.25 · first_market_sell 500 wood |
| 36:48 | Geronimo · first_market_sell 100 food |
| 37:19 | simao.25 · wall_segment Palisade Wall x1 |
| 37:27 | simao.25 · wall_segment Palisade Wall x1 |
| 37:29 | simao.25 · wall_segment Palisade Wall x1 |
| 37:29 | simao.25 · wall_segment Palisade Wall x1 |
| 38:05 | RoRo_FleXx · age_up imperial |
| 40:05 | Geronimo · age_up imperial |
| 40:06 | simao.25 · age_up imperial |
| 40:10 | Balgrodor · first_building Castle |
| 40:56 | Orrax Holyfire · first_market_sell 100 food |
| 42:58 | arracheur2slip2reska · first_building Monastery |
| 43:00 | 抖音-斩杀肥龙 · age_up imperial |
| 43:19 | Eressiel_aoe · resign |
| 47:05 | Orrax Holyfire · first_building Monastery |
| 47:42 | arracheur2slip2reska · age_up imperial |
[ AI ANALYSIS · 1 CREDIT ]
What really happened in this match?
Wolo.gg analyzes every decision: build order, eco, micro, common mistakes by bracket. Personalized analysis on WhatsApp or Discord in 30 seconds.
Civ guide
Ethiopians
Perfil
Jugador #15584872